 Dungeon Crawl Stone Soup version 0.16.2-12-gd0ad4c3 (webtiles) character file.

9165 faibistes the Thaumaturge (level 11, -12/65 HPs)
             Began as a Deep Elf Wizard on Sept 28, 2018.
             Was a Priest of Sif Muna.
             Killed from afar by Harold (26 damage)
             ... with a bolt of fire
             ... on level 2 of the Lair of Beasts.
             The game lasted 00:49:11 (18417 turns).

faibistes the Thaumaturge (Deep Elf Wizard)        Turns: 18417, Time: 00:49:11

Health: -12/65     AC: 10    Str:  7    XL:     11   Next: 19%
Magic:  26/34      EV: 16    Int: 27    God:    Sif Muna [***...]
Gold:   658        SH:  0    Dex: 13    Spells: 6 memorised, 22 levels left

rFire  . . .     SeeInvis .     E - +1 dagger (protect)
rCold  . . .     Clarity  +     F - +1 robe {rN+}
rNeg   + . .     SustAb   .     (no shield)
rPois  +         Gourm    .     x - +0 helmet
rElec  .         Spirit   .     h - +0 cloak
rCorr  .         Warding  .     (no gloves)
rMut   .         Stasis   .     (no boots)
MR     +....                    r - amulet of clarity
Stlth  ++........               L - +3 ring of strength
                                I - ring of poison resistance

@: repel missiles, somewhat resistant to hostile enchantments, unstealthy
A: no striking features
a: Channel Energy, Forget Spell, Renounce Religion


You were on level 2 of the Lair of Beasts.
You worshipped Sif Muna.
Sif Muna was most pleased with you.
You were hungry.

You visited 3 branches of the dungeon, and saw 13 of its levels.
You also visited: Ossuary.

You collected 909 gold pieces.
You spent 251 gold pieces at shops.

Inventory:

Hand weapons
 p - a +2 rapier of holy wrath
 E - a +1 dagger of protection (weapon)
 G - a +2 short sword of freezing
Armour
 a - a +0 robe
 h - a +0 cloak (worn)
 x - a +0 helmet (worn)
 F - a +1 robe of positive energy (worn)
Jewellery
 r - an amulet of clarity (around neck)
 I - a ring of poison resistance (left hand)
 L - a +3 ring of strength (right hand)
Magical devices
 w - a wand of lightning (6)
 D - a wand of digging (14)
 H - a wand of slowing (13)
 P - a wand of random effects (25)
Scrolls
 e - 3 scrolls of magic mapping
 i - 5 scrolls of remove curse
 k - 2 scrolls of fog
 q - 6 scrolls of teleportation
 y - a scroll of blinking
 z - a scroll of recharging
Potions
 f - 2 potions of restore abilities
 g - a potion of cure mutation
 j - 2 potions of ambrosia
 m - 3 potions of haste
 n - a potion of degeneration {unknown}
 s - 7 potions of agility
 t - 3 potions of lignification
 u - 2 potions of brilliance {unknown}
 v - 4 potions of heal wounds
 B - 3 potions of curing
 C - 2 potions of cancellation {unknown}
Comestibles
 d - 11 bread rations
 l - 9 meat rations
 o - 9 beef jerkies
 A - a royal jelly
 K - 4 fruits


   Skills:
 + Level 6.3 Fighting
 + Level 8.6 Dodging
 - Level 2.4 Stealth
 * Level 12.9 Spellcasting
 + Level 5.5 Conjurations
 + Level 3.7 Charms
 - Level 3.7 Summonings
 + Level 3.4 Translocations
 * Level 4.3 Fire Magic
 - Level 3.0 Air Magic
 - Level 3.1 Poison Magic
 * Level 2.9 Invocations
 + Level 2.5 Evocations


You had 22 spell levels left.
You knew the following spells:

 Your Spells              Type           Power        Failure   Level  Hunger
a - Magic Dart            Conj           ####         1%          1    None
b - Conjure Flame         Conj/Fire      #####...     1%          3    None
c - Call Imp              Summ           #####...     1%          2    None
d - Blink                 Tloc           N/A          1%          2    None
e - Mephitic Cloud        Conj/Pois/Air  #####...     1%          3    None
f - Repel Missiles        Chrm/Air       #####.       1%          2    None


Dungeon Overview and Level Annotations

Branches:
Dungeon (10/15)            Temple (1/1) D:7            Lair (2/8) D:9
    Orc: D:9-12

Altars:
Ashenzari
Cheibriados
Dithmenos
Elyvilon
Fedhas
Gozag
Kikubaaqudgha
Makhleb
Nemelex Xobeh
Okawaru
Qazlal
Ru
Sif Muna
Trog
Vehumet
Xom
Yredelemnul
Zin
The Shining One

Shops:
D:9 [(*%*

Annotations:
D:4 Blork the orc
D:6 exclusion: statue
Lair:2 Harold


Message History

Casting: Mephitic Cloud
Confirm with . or Enter, or press ? or * to list all spells.
Aiming: Mephitic Cloud
Press: ? - help, Shift-Dir - straight line, f - Harold, p - hound
Aim: Harold, wielding a halberd and wearing a ring mail (lightly wounded)
The ball explodes into a vile cloud!
The stinking cloud engulfs Harold.
Harold is lightly wounded.
Harold is engulfed in noxious fumes.
Harold looks eager to get this over with.
Harold hits you but does no damage.
Unknown command.
The hound is engulfed in noxious fumes.
The hound appears confused.
Harold is engulfed in noxious fumes.
Harold casts a spell at you. The bolt of fire misses you.
The hound is engulfed in noxious fumes.
The hound appears confused.
Harold is engulfed in noxious fumes.
Harold gestures at you while chanting. The bolt of fire hits you!
You die...

## ## ##.#####.# #.....§§§# +.
#..§§.§..#### .P..+...@....+..##
#....§§=.h...... ##........###.
#........# #+ #######@## #.
####.# .## #..(.# ..# ##..### ##
#.# #.....## ###.# # #.#
##.....P# ##(.###P. ###.##
#P.....P####......... ...)"###
#......##............+
....#:.#.####...................#


You could see Harold and a hound (confused).

Vanquished Creatures
  The ghost of faibistes the Thaumaturge, an experienced DEWz of Sif Muna (D:7)
  2 spiny frogs (Lair:1)
  A komodo dragon (Lair:1)
  A wyvern (D:9)
  Eustachio (D:4)
  15 yaks
  2 hippogriffs (Lair:1)
  A deep elf fighter (D:9)
  Edmund (D:9)
  2 sky beasts
  An orc warrior (D:6)
  2 water moccasins
  A porcupine (Lair:1)
  2 ice beasts
  3 necrophages (D:7)
  A phantom (D:8)
  5 ogres
  4 centaurs
  Sigmund (D:2)
  Duvessa (D:3)
  A big kobold (D:9)
  A crocodile (Lair:1)
  5 giant frogs
  A water moccasin zombie (D:9)
  3 scorpions
  9 wights
  3 crimson imps
  Dowan (D:3)
  A goliath beetle (D:8)
  A giant frog zombie (D:7)
  A gnoll shaman (D:7)
  A quasit (D:8)
  4 jellies
  A centaur skeleton (D:5)
  6 orc priests
  A giant frog skeleton (D:4)
  7 hounds
  An iguana (D:3)
  An iron imp (D:7)
  7 orc wizards
  7 worker ants
  2 killer bee zombies (D:7)
  8 mummies
  Terence (D:3)
  11 river rats
  15 adders
  8 gnolls
  2 giant mites
  4 shadow imps
  A white imp (D:7)
  2 worms (D:2)
  An ooze (D:2)
  32 orcs
  2 ball pythons
  A bat skeleton (D:5)
  A bat zombie (D:7)
  3 gnoll zombies (Ossuary)
  5 hobgoblins
  20 kobolds
  2 quokkas
  26 bats
  5 giant cockroaches
  7 giant geckos
  8 giant newts
  A giant spore (D:6)
  10 goblins
  A goblin zombie (D:7)
  2 hobgoblin zombies
  11 jackals
  2 kobold zombies (Ossuary)
  2 orc zombies (Ossuary)
  2 quokka skeletons
  A quokka zombie (D:7)
  19 rats
  A ballistomycete (D:6)
330 creatures vanquished.

Vanquished Creatures (collateral kills)
  A water moccasin (Lair:1)
  A hound (D:7)
  3 mummies (Ossuary)
  An adder (D:1)
  6 jackals
12 creatures vanquished.

Vanquished Creatures (others)
  An ogre (D:7)
  An iron imp (Ossuary)
  A shadow imp (Ossuary)
  A white imp (Lair:1)
  8 fungi
  2 plants
14 creatures vanquished.

Grand Total: 356 creatures vanquished

Notes
Turn   | Place    | Note
--------------------------------------------------------------
     0 | D:1      | faibistes, the Deep Elf Wizard, began the quest for the Orb.
     0 | D:1      | Reached XP level 1. HP: 10/10 MP: 6/6
   379 | D:1      | Reached XP level 2. HP: 15/15 MP: 4/10
   426 | D:1      | Learned a level 2 spell: Blink
   429 | D:1      | Learned a level 2 spell: Call Imp
   783 | D:1      | Reached skill level 5 in Spellcasting
   823 | D:1      | Reached XP level 3. HP: 19/19 MP: 3/14
   828 | D:1      | Learned a level 3 spell: Conjure Flame
   832 | D:1      | Learned a level 3 spell: Mephitic Cloud
   956 | D:2      | Noticed Sigmund
  1076 | D:2      | Killed Sigmund
  1076 | D:2      | Reached XP level 4. HP: 17/24 MP: 4/17
  1080 | D:2      | Learned a level 2 spell: Repel Missiles
  1508 | D:1      | Reached XP level 5. HP: 28/28 MP: 17/20
  1567 | D:1      | Reached skill level 6 in Spellcasting
  2250 | D:2      | Found a shattered altar of Ashenzari.
  3184 | D:3      | Noticed Terence
  3210 | D:3      | Killed Terence
  3453 | D:4      | Found a snail-covered altar of Cheibriados.
  3453 | D:4      | Noticed Duvessa
  3453 | D:4      | Noticed Dowan
  3953 | D:3      | Killed Duvessa
  3953 | D:3      | Reached XP level 6. HP: 17/32 MP: 13/22
  3978 | D:3      | Killed Dowan
  4147 | D:3      | Found a glowing golden altar of the Shining One.
  4352 | D:3      | Reached skill level 7 in Spellcasting
  4708 | D:5      | Entered Level 5 of the Dungeon
  4713 | D:4      | Noticed Eustachio
  4714 | D:4      | Noticed Blork the orc
  4773 | D:4      | Reached skill level 1 in Fighting
  4994 | D:4      | Noticed an ogre
  5018 | D:4      | Killed an ogre
  5018 | D:4      | Reached XP level 7. HP: 8/39 MP: 13/25
  5930 | D:4      | Reached skill level 8 in Spellcasting
  6192 | D:4      | Found a burning altar of Makhleb.
  6216 | D:4      | Killed Eustachio
  6216 | D:4      | Reached skill level 5 in Dodging
  7167 | D:6      | Reached XP level 8. HP: 46/46 MP: 17/28
  7211 | D:5      | Reached skill level 9 in Spellcasting
  8662 | D:7      | Found a sand-covered staircase.
  8663 | D:7      | Noticed faibistes' ghost (experienced DEWz)
  8706 | D:7      | Reached skill level 10 in Spellcasting
  8845 | D:7      | Killed faibistes' ghost
  8845 | D:7      | Reached skill level 5 in Fighting
  8845 | D:7      | Reached XP level 9. HP: 36/54 MP: 15/30
  8870 | Ossuary  | Entered an ossuary
 10521 | D:6      | Reached skill level 11 in Spellcasting
 11678 | D:6      | Found a radiant altar of Vehumet.
 11861 | D:6      | Found a deep blue altar of Sif Muna.
 11864 | D:6      | Became a worshipper of Sif Muna the Loreminder
 12246 | D:6      | Identified the Disquisition on Hexes
 12410 | D:7      | Reached skill level 1 in Fire Magic
 12410 | D:7      | Reached skill level 1 in Air Magic
 12905 | D:7      | Reached skill level 1 in Poison Magic
 13033 | D:7      | Found a burning altar of Makhleb.
 13242 | D:7      | Acquired Sif Muna's first power
 13381 | D:8      | Reached XP level 10. HP: 54/60 MP: 28/32
 13762 | D:7      | Found a staircase to the Ecumenical Temple.
 13772 | Temple   | Entered the Ecumenical Temple
 14145 | D:9      | Found Hequosku's Food Emporium.
 14147 | D:9      | Found Proegumo's General Store.
 14157 | D:9      | Bought a scroll of identify for 26 gold pieces
 14282 | D:9      | Got a pair of faintly glowing boots
 14288 | D:9      | Identified the +0 pair of boots of the Vestibule of Hell {-Cast rN++} (You found it on level 9 of the Dungeon)
 15104 | D:9      | Found a shadowy altar of Dithmenos.
 15292 | D:10     | Entered Level 10 of the Dungeon
 15395 | D:9      | Found Ulux Lank's Assorted Antiques.
 15401 | D:9      | Bought an ivory ring for 125 gold pieces
 15401 | D:9      | Bought a scroll labeled CINAOCS MITE for 25 gold pieces
 15401 | D:9      | Bought a potion of curing for 75 gold pieces
 15466 | D:9      | Reached skill level 12 in Spellcasting
 15825 | D:9      | Acquired Sif Muna's second power
 15906 | D:9      | Found Goxziowk's Weapon Shoppe.
 16247 | D:9      | Noticed Edmund
 16272 | D:9      | Killed Edmund
 16272 | D:9      | Reached skill level 5 in Conjurations
 16332 | D:9      | Found Klapeib's Antique Armour Boutique.
 16622 | D:9      | Found a staircase to the Lair.
 16711 | Lair:1   | Entered Level 1 of the Lair of Beasts
 16718 | Lair:1   | Reached skill level 1 in Evocations
 16722 | Lair:1   | Reached skill level 1 in Charms
 16733 | Lair:1   | Reached skill level 1 in Invocations
 17141 | Lair:1   | Found a shadowy altar of Dithmenos.
 17493 | Lair:1   | Reached XP level 11. HP: 32/64 MP: 18/34
 18400 | Lair:2   | Noticed Harold
 18417 | Lair:2   | Killed from afar by Harold

Action                   |  1- 3 |  4- 6 |  7- 9 | 10-12 || total
-------------------------+-------+-------+-------+-------++-------
Melee: Unarmed           |    14 |       |       |       ||    14
       Dagger            |       |    33 |    37 |   119 ||   189
       Rapier            |       |       |   110 |       ||   110
 Cast: Magic Dart        |    63 |   159 |   530 |   282 ||  1034
       Call Imp          |     2 |     3 |     9 |     4 ||    18
       Mephitic Cloud    |     2 |    17 |    28 |    33 ||    80
       Repel Missiles    |       |     1 |     4 |     1 ||     6
       Conjure Flame     |       |    15 |    46 |    46 ||   107
       Blink             |       |    11 |    15 |     2 ||    28
Evoke: Wand              |       |       |     2 |       ||     2
  Use: Scroll            |       |     6 |    13 |     5 ||    24
       Potion            |       |     1 |     4 |       ||     5
 Stab: Confused          |       |     1 |     4 |     5 ||    10
  Eat: Chunk             |       |    12 |    22 |    16 ||    50
       Pizza             |       |       |     1 |       ||     1
       Beef jerky        |       |       |     1 |       ||     1
